 Dungeon Crawl Stone Soup version 0.30-a0-618-gd6c86c23d0 (webtiles) character file.

Game seed: 4561482939644361868

2298 hikkokomori the Geomancer (level 9, -3/54 HPs)
             Began as a Gargoyle Earth Elementalist on Jan 10, 2023.
             Slain by an orc warlord
             ... wielding a +4 broad axe
              (26 damage)
             ... in a bailey.
             The game lasted 00:11:50 (5893 turns).

hikkokomori the Geomancer (GrEE)                    Turns: 5893, Time: 00:11:50

Health: -3/54      AC: 10    Str: 11    XL:     9   Next: 40%
Magic:  4/15       EV: 11    Int: 21    God:
Gold:   253        SH:  0    Dex: 10    Spells: 2/16 levels left

rFire   . . .      SeeInvis .    l - staff of earth
rCold   . . .      Faith    .    (no shield)
rNeg    + . .      Spirit   .    q - +0 leather armour "Ytiadunk" {Drain rElec rPois}
rPois   ∞          Reflect  .    (no helmet)
rElec   +          Harm     .    e - +0 cloak
rCorr   .          Rampage  .    (no gloves)
Will    .....                    (no boots)
Stlth   ++                       h - amulet of regeneration
HPRegen 1.09/turn                (no ring)
MPRegen 0.14/turn                (no ring)

@: brilliant, about to teleport
A: sickness immunity, AC +6, negative energy resistance 1, electricity
resistance, torment resistance 1, petrification resistance
a: no special abilities


You were in a bailey.
You visited 1 branch of the dungeon, and saw 7 of its levels.
You also visited: Bailey.

You collected 451 gold pieces.
You spent 198 gold pieces at shops.

Inventory:

Hand Weapons
 f - a +1 dagger
Armour
 a - a +0 robe
 e - a +0 cloak (worn)
 q - the +0 leather armour "Ytiadunk" (worn) {Drain rElec rPois}
   (You found it on level 3 of the Dungeon)

   rElec:     It insulates you from electricity.
   rPois:     It protects you from poison.
   Drain:     It drains your maximum health when unequipped.
 y - the +0 robe "Darouw" {rC+ Will+ rCorr Int-4}
   (You found it on level 6 of the Dungeon)

   Int:       It affects your intelligence (-4).
   rC:        It protects you from cold.
   rCorr:     It protects you from acid and corrosion.
   Will:      It increases your willpower.
 E - the +7 scale mail of the Red God {SInv}
   (You bought it in a shop on level 2 of the Dungeon)

   SInv:      It lets you see invisible.
Magical Staves
 l - a staff of earth (weapon)
Jewellery
 h - an amulet of regeneration (around neck)
 r - an amulet of guardian spirit
 D - a +6 ring of strength
Wands
 p - a wand of polymorph (6)
 t - a wand of flame (21)
 v - a wand of roots (11)
Scrolls
 n - 3 scrolls of teleportation
 x - 3 scrolls of fog
 z - a scroll of butterflies
 A - 2 scrolls of fear
 C - a scroll of enchant weapon
 F - a scroll of enchant armour {unknown}
Potions
 b - 5 potions of magic
 c - 3 potions of brilliance
 d - 4 potions of curing
 g - a potion of degeneration {unknown}
 i - 2 potions of heal wounds
 k - a potion of haste {unknown}
 m - 2 potions of attraction {unknown}
 o - 2 potions of lignification {unknown}
 s - a potion of cancellation {unknown}
 u - a potion of ambrosia
 w - a potion of flight {unknown}
 B - a potion of mutation {unknown}


   Skills:
 + Level 5.5 Fighting
 - Level 1.5 Dodging
 - Level 2.1 Stealth
 - Level 4.4 Spellcasting
 + Level 5.5 Conjurations
 - Level 0.7 Transmutations
 + Level 5.0 Ice Magic
 + Level 2.4 Air Magic
 - Level 8.1 Earth Magic


You had 2 spell levels left.
You knew the following spells:

 Your Spells              Type           Power      Damage    Failure   Level
a - Sandblast             Erth           100%       2d20      1%          1
b - Passwall              Tmut/Erth      42%        N/A       3%          2
c - Stone Arrow           Conj/Erth      100%       3d13      2%          3
d - Ozocubu's Armour      Ice            39%        N/A       5%          3
e - Freezing Cloud        Conj/Ice/Air   17%        6-21      56%         5

Your spell library contained the following spells:

 Spells                   Type           Power      Damage    Failure   Level
 Freeze                   Ice            100%       1d10      1%          1
 Hailstorm                Conj/Ice       40%        3d10      4%          3
 Frozen Ramparts          Ice            78%        1d12      5%          3
 Petrify                  Tmut/Erth      51%        N/A       24%         4
 Leda's Liquefaction      Hex/Erth       24%        N/A       28%         4
 Kindle Blastsparks       Fire/Tloc/Air  24%        2d12      32%         3
 Ignite Poison            Fire/Tmut/Pois 8%         N/A       38%         3
 Call Canine Familiar     Summ           6%         N/A       41%         3
 Portal Projectile        Hex/Tloc       12%        N/A       41%         3
 Ice Form                 Ice/Tmut       25%        N/A       41%         4
 Simulacrum               Ice/Necr       11%        N/A       100%        6
 Ozocubu's Refrigeration  Ice            19%        4d11      100%        7


Dungeon Overview and Level Annotations

Branches:
Dungeon (7/15)             Bailey (1/1)
 Temple: D:4-7

Altars:
Cheibriados
Gozag
Nemelex Xobeh

Shops:
D:2 [   D:5 (   D:6 [

Annotations:
D:6 1 runed translucent door, acebull12's ghost, amateur DsGl


Innate Abilities, Weirdness & Mutations

You are immune to sickness and miasma.
Your stone body is resilient. (AC +6)
You are immune to poison.
You resist negative energy. (rN+)
You are resistant to electric shocks. (rElec)
You are resistant to unholy torment.
You are immune to petrification.


Message History

Aiming: Stone Arrow (dangerous; 2% risk of failure)
Press: ? - help, Shift-Dir - straight line, f/p - orc warlord
Aim: an orc warlord, wielding a +4 broad axe and wearing a +0 chain mail (moderately wounded, 84% to hit)
You feel a strong surge of power!
The stone arrow hits the orc warlord!
The orc warlord is heavily wounded.
Unknown command.
Unknown command.
Casting: Stone Arrow (dangerous; 2% risk of failure)
Confirm with . or Enter, or press ? or * to list all spells.
Aiming: Stone Arrow (dangerous; 2% risk of failure)
Press: ? - help, Shift-Dir - straight line, f/p - orc warlord
Aim: an orc warlord, wielding a +4 broad axe and wearing a +0 chain mail (heavily wounded, 84% to hit)
You feel a strong surge of power!
The stone arrow hits the orc warlord!
The orc warlord is heavily wounded.
The orc warlord barely misses you.
Unknown command.
Unknown command.
Casting: Stone Arrow (dangerous; 2% risk of failure)
Confirm with . or Enter, or press ? or * to list all spells.
Aiming: Stone Arrow (dangerous; 2% risk of failure)
Press: ? - help, Shift-Dir - straight line, f/p - orc warlord
Aim: an orc warlord, wielding a +4 broad axe and wearing a +0 chain mail (heavily wounded, 84% to hit)
You feel a strong surge of power!
The stone arrow hits the orc warlord!
The orc warlord is severely wounded.
The orc warlord hits you with a +4 broad axe!!
Unknown command.
Unknown command.
As you read the scroll of teleportation, it crumbles to dust.
You feel strangely unstable.
The orc warlord hits you with a +4 broad axe.
Unknown command.
Casting: Stone Arrow (dangerous; 2% risk of failure)
Confirm with . or Enter, or press ? or * to list all spells.
Aiming: Stone Arrow (dangerous; 2% risk of failure)
Press: ? - help, Shift-Dir - straight line, f/p - orc warlord
Aim: an orc warlord, wielding a +4 broad axe and wearing a +0 chain mail (severely wounded, 84% to hit)
You feel a strong surge of power!
The stone arrow hits the orc warlord!
The orc warlord is severely wounded.
The orc warlord hits you with a +4 broad axe!!
You die...

♣##....##~~#####g~##....##♣
♣.##..)#~[?8...8!)~#.).##.♣
♣♣..###'#~.........~#'###..♣♣
♣...~~~(#~..8...8..~#.~~~...♣
♣♣...~~~(##.........##.~~~...♣♣
♣∩...~~~.#~....∩....~#.~~~...∩♣
♣♣...~~()#~.........~#.~~~...♣♣
♣...~~~.#~~.8...8.~~#.~~~...♣
♣♣..###'###...@...###'###..♣♣
♣.##.(..#~.8§o.8.~#....##.♣
♣##.....#~~~§~)~~~#.....##♣
##......####§§~####......##
#...8......#'''#......8...#
#.........................#
#..............)..........#
##..8..8...........8..8..##
##.......#######.......##


You could see an orc warlord.

Vanquished Creatures
  Sigmund (D:2)
  3 black bears
  2 ice beasts
  2 orc warriors (Bailey)
  4 ogres
  A centaur (D:4)
  A phantom (D:5)
  A kobold brigand (D:6)
  2 bullfrogs
  A necrophage (D:5)
  2 orc priests (D:5)
  4 hounds
  3 jellies
  3 iguanas
  Natasha (thrice) (D:3)
  3 orc wizards
  5 gnolls (Bailey)
  4 adders
  A white imp (D:4)
  An ufetubus (D:6)
  A worm (D:2)
  5 dart slugs
  20 orcs
  3 ball pythons
  5 bats
  5 endoplasms
  2 giant cockroaches
  17 goblins
  6 hobgoblins
  10 jackals
  14 kobolds
  3 quokkas
  5 frilled lizards
  2 rats
145 creatures vanquished.

Notes
Turn   | Place    | Note
-------+----------+-------------------------------------------
     0 | D:1      | hikkokomori the Gargoyle Earth Elementalist began the quest
                  | for the Orb.
     0 | D:1      | Reached XP level 1. HP: 10/10 MP: 3/3
   212 | D:1      | Reached XP level 2. HP: 15/15 MP: 3/5
   219 | D:1      | Learned a level 2 spell: Passwall
   277 | D:1      | Reached skill level 4 in Earth Magic
   831 | D:2      | Found Duaf's Antique Armour Emporium.
   847 | D:2      | Reached XP level 3. HP: 18/19 MP: 1/6
   963 | D:2      | Found a snail-covered altar of Cheibriados.
  1444 | D:2      | Noticed Sigmund
  1449 | D:2      | Killed Sigmund
  1450 | D:2      | Reached skill level 5 in Earth Magic
  1450 | D:2      | Reached XP level 4. HP: 20/24 MP: 3/10
  1450 | D:2      | Reached XP level 5. HP: 24/28 MP: 3/11
  1651 | D:3      | Reached skill level 6 in Earth Magic
  1736 | D:3      | Identified the +0 leather armour "Ytiadunk" {Drain rElec
                  | rPois}
  1743 | D:3      | Reached XP level 6. HP: 32/32 MP: 4/12
  1980 | D:3      | Noticed Natasha
  1981 | D:3      | Killed Natasha
  2166 | D:3      | Learned a level 3 spell: Stone Arrow
  2170 | D:3      | Learned a level 3 spell: Ozocubu's Armour
  2235 | D:3      | Noticed Natasha
  2237 | D:3      | Killed Natasha
  2359 | D:3      | Noticed Natasha
  2362 | D:3      | Killed Natasha
  2857 | D:4      | Reached skill level 1 in Conjurations
  2899 | D:4      | Reached skill level 1 in Fighting
  2899 | D:4      | Reached skill level 1 in Ice Magic
  2899 | D:4      | Reached XP level 7. HP: 38/38 MP: 9/13
  3084 | D:4      | Reached skill level 7 in Earth Magic
  3481 | D:5      | Entered Level 5 of the Dungeon
  3558 | D:5      | Reached XP level 8. HP: 46/46 MP: 11/14
  3603 | D:5      | Found Ofiynk's Weapon Shop.
  3777 | D:5      | Reached skill level 8 in Earth Magic
  4049 | D:5      | Learned a level 5 spell: Freezing Cloud
  4074 | D:6      | Identified the +0 robe "Darouw" {rC+ Will+ rCorr Int-4}
  4242 | D:6      | Found a runed translucent door.
  4249 | D:6      | Noticed acebull12's ghost (amateur DsGl)
  4293 | D:6      | Reached skill level 1 in Air Magic
  4295 | D:6      | Reached XP level 9. HP: 53/53 MP: 11/15
  4367 | D:6      | Reached skill level 5 in Fighting
  4367 | D:6      | Reached skill level 5 in Conjurations
  4577 | D:6      | Found a sparkling altar of Nemelex Xobeh.
  4577 | D:6      | Found an opulent altar of Gozag.
  4886 | D:6      | Found Ocieqocu's Antique Armour Shop.
  4978 | D:2      | Bought a faintly humming scale mail for 198 gold pieces
  4978 | D:2      | Identified the +7 scale mail of the Red God {SInv} (You
                  | bought it in a shop on level 2 of the Dungeon)
  5323 | D:7      | Found a flagged portal.
  5376 | Bailey   | Entered a bailey
  5381 | Bailey   | Noticed an orc warlord
  5569 | Bailey   | Reached skill level 5 in Ice Magic
  5669 | Bailey   | Found a runed translucent gate.
  5669 | Bailey   | Found a runed translucent gate.
  5669 | Bailey   | Found a runed translucent gate.
  5893 | Bailey   | Slain by an orc warlord

Illustrated notes

Levels and vault maps discovered:
D:1:      lightli_arrival_chessboard, layout_loops_ring, kennysheep_minor_cross
D:2:      layout_basic, basic_altar, serial_shops, nicolae_shop_stone,
          uniq_sigmund
D:3:      layout_loops_ring, uniq_natasha
D:4:      layout_gridville, minivault_14, minmay_bisected
D:5:      layout_rooms, serial_shops, nicolae_shop_bloodbath_and_beyond
D:6:      layout_basic, grunt_temple_overflow_opulence, serial_shops, shop,
          ebering_ghost_sewer_d
D:7:      layout_basic, minmay_temple_entry_wispy, gammafunk_ghost_hive,
          enter_bailey_3
Bailey:   bailey_axe_bossmonster_kennysheep, bailey

Skill      XL: |  1  2  3  4  5  6  7  8  9 |
---------------+----------------------------+-----
Earth Magic    | 4 5 6 7 8 |  8.1
Spellcasting   | 4 |  4.4
Conjurations   | 1 3 4 5 |  5.5
Fighting       | 1 3 4 5 |  5.5
Ice Magic      | 1 2 4 5 |  5.0
Air Magic      | 1 2 |  2.4
Dodging        | |  1.5
Stealth        | |  2.1
Transmutations | |  0.7

Action                   |  1- 3 |  4- 6 |  7- 9 || total
-------------------------+-------+-------+-------++-------
Melee: Unarmed           |    13 |       |       ||    13
       Punch             |     1 |     1 |       ||     2
       Dagger            |    10 |       |       ||    10
       Staff             |       |    22 |    10 ||    32
 Cast: Sandblast         |    43 |    54 |   116 ||   213
       Stone Arrow       |       |       |     6 ||     6
       Ozocubu's Armour  |       |       |     2 ||     2
Evoke: Wand              |       |       |     5 ||     5
  Use: Scroll            |     1 |       |     9 ||    10
       Potion            |       |       |     3 ||     3
Armor: Robe              |    14 |     1 |       ||    15
       Leather armour    |       |    21 |    30 ||    51
Dodge: Dodged            |    26 |    29 |    41 ||    96

Table legend: (Time is in decaauts)
 A = Elapsed time spent in this place.
 B = Non-inter-level travel time spent in this place.
 C = Inter-level travel time spent in this place.
 D = Time resting spent in this place.
 E = Time spent auto-exploring this place.
 F = Levels seen in this place.
 G = Mean time per level.
                   A        B        C        D        E       F      G
               +--------+--------+--------+--------+--------+-----+--------+
         Total |   6032 |   5684 |    348 |     59 |   4621 |   8 |  754.0 |
       Dungeon |   5487 |   5139 |    348 |     23 |   4317 |   7 |  783.9 |
        Bailey |    545 |    545 |      0 |     36 |    304 |   1 |  545.0 |
               +--------+--------+--------+--------+--------+-----+--------+

Top non-repeatable levels by time:
     D:4: 1033 daAuts
     D:3: 1010 daAuts
     D:6: 875 daAuts
     D:2: 861 daAuts
     D:1: 820 daAuts
     D:5: 577 daAuts
  Bailey: 545 daAuts
     D:7: 308 daAuts
